Predators vs Canadiens
Created - January 25, 2018 at 19:01
Goals
|
| Predators |
1 |
0 |
1 |
2 |
| Canadiens |
1 |
2 |
3 |
6 |
|
Shots
|
| Predators |
7 |
9 |
16 |
32 |
| Canadiens |
12 |
6 |
13 |
31 |
|
1st period
1. Canadiens , Joe Pavelski 22 (Sidney Crosby 34, Jiri Tlusty 4) at 8:27
2. Predators , Adam Burish 13 (Andy Miele 14, Byron Bitz 24) at 11:42 (SH)
Penalties :
John Moore (Nas) for Holding (Minor) at 1:02, Alexander Edler (Nas) for High sticking (Minor) at 9:02, Ryan Mcdonagh (Nas) for Holding (Minor) at 11:18
2nd period
3. Canadiens , Dustin Boyd 15 (David Jones 8) at 4:49
4. Canadiens , Dennis Wideman 2 (Vitaly Vishnevsky 11) at 15:30 (PP)
Penalties :
Jason Spezza (Mon) for Slashing (Double Minor) at 8:07, Alexander Edler (Nas) for Hooking (Minor) at 14:56
3rd period
5. Canadiens , Ladislav Nagy 1 (Andrew Ebbett 4, Jiri Tlusty 5) at 0:50
6. Canadiens , Andrew Ebbett 6 (Luke Schenn 16, Ladislav Nagy 1) at 2:55
7. Canadiens , Greg Stewart 16 (Sidney Crosby 35) at 9:40
8. Predators , Alexander Edler 8 (Alexander Ovechkin 32, Ryan Kesler 20) at 17:59 (PP)
Penalties :
Alexander Steen (Nas) for Slashing (Minor) at 4:53, Sidney Crosby (Mon) for Fighting (Major) at 10:44, Dmitri Kalinin (Nas) for Fighting (Major) at 10:44, Dennis Wideman (Mon) for Holding (Minor) at 17:56, Joe Pavelski (Mon) for Kneeing (Major) at 19:30
Goalie Stats
Viktor Fasth (Nas), 15 saves from 19 shots - (0.789), L, 22-12-0, 40:50 minutes
Chad Johnson (Nas), 10 saves from 12 shots - (0.833), 19:10 minutes
Jonathan Bernier (Mon), 30 saves from 32 shots - (0.938), W, 21-14-2, 60:00 minutes
Players Stats for Predators
Player Name G A P +/- PIM S H SB GA TA FO MP PP MP PK MP
------------------------------------------------------------------------------------
Adam Burish 1 0 1 -2 0 6 1 0 1 0 0/1 14:04 0:22 3:08
Alexander Edler 1 0 1 -2 4 2 0 2 1 2 0/0 27:37 2:40 3:39
Alexander Ovechkin 0 1 1 0 0 1 1 4 1 0 0/1 20:10 2:13 1:01
Alexander Steen 0 0 0 -1 2 2 2 0 0 0 0/1 13:29 0:22 0:00
Andrej Meszaros 0 0 0 -1 0 0 0 1 0 0 0/1 7:25 0:00 0:04
Andy Miele 0 1 1 -2 0 4 2 0 0 0 7/9 12:44 0:00 2:35
Barret Jackman 0 0 0 1 0 1 0 1 1 1 0/0 17:02 0:00 3:50
Brett Clark 0 0 0 0 0 0 1 0 1 0 0/0 13:10 0:00 3:08
Byron Bitz 0 1 1 -1 0 1 1 1 0 2 0/0 19:53 1:36 4:54
Dmitri Kalinin 0 0 0 -2 5 0 0 0 0 0 0/0 14:32 1:51 0:00
James Van Riemsdyk 0 0 0 -1 0 0 0 0 0 0 0/0 8:02 1:56 0:00
John Moore 0 0 0 -2 2 3 2 0 1 0 0/0 20:09 1:51 2:09
Justin Abdelkader 0 0 0 -3 0 4 1 0 1 0 0/0 10:51 0:42 0:00
Kris Vernarsky 0 0 0 -1 0 0 0 0 0 0 1/3 6:34 0:03 0:00
Mikael Granlund 0 0 0 -1 0 2 2 2 0 1 8/12 16:22 1:56 0:28
Niclas Bergfors 0 0 0 0 0 4 2 0 0 0 0/1 18:19 2:13 0:00
Ryan Kesler 0 1 1 0 0 2 1 1 0 0 19/36 23:25 2:10 4:54
Ryan Mcdonagh 0 0 0 -3 2 0 0 2 1 0 0/0 27:36 2:40 4:10
Players Stats for Canadiens
Player Name G A P +/- PIM S H SB GA TA FO MP PP MP PK MP
------------------------------------------------------------------------------------
Adam Pardy 0 0 0 1 0 1 2 1 0 0 0/0 16:37 0:00 2:42
Andrew Ebbett 1 1 2 2 0 2 1 0 0 0 0/2 9:49 0:00 1:54
Brett Maclean 0 0 0 1 0 2 0 0 0 0 0/0 9:44 0:05 0:00
David Jones 0 1 1 1 0 1 0 1 0 1 0/0 12:23 0:05 2:30
Dennis Wideman 1 0 1 2 2 2 1 1 0 1 0/0 26:11 5:03 0:00
Dustin Boyd 1 0 1 1 0 1 0 0 3 0 3/9 12:03 0:00 0:42
Evgeny Dadonov 0 0 0 0 0 0 2 1 0 0 0/0 12:58 0:05 0:00
Greg Stewart 1 0 1 1 0 1 2 0 1 1 1/3 21:48 3:39 1:25
Jason Spezza 0 0 0 -1 4 1 1 0 1 1 4/14 17:46 3:39 0:30
Jiri Tlusty 0 2 2 1 0 1 1 0 0 0 0/1 11:38 3:39 0:00
Joe Pavelski 1 0 1 2 5 6 2 1 0 0 4/4 21:18 4:46 0:00
Ladislav Nagy 1 1 2 2 0 4 0 0 0 1 0/0 7:45 0:00 0:36
Luke Schenn 0 1 1 1 0 5 2 1 0 0 0/0 27:36 3:27 1:49
Maxim Kondratiev 0 0 0 2 0 0 1 2 0 1 0/0 12:49 0:00 2:42
Patrick Sharp 0 0 0 0 0 1 1 0 0 0 1/1 17:43 4:46 0:00
Sidney Crosby 0 2 2 2 5 2 1 0 0 0 17/31 20:31 4:46 1:25
Vitaly Vishnevsky 0 1 1 1 0 1 2 0 1 1 0/0 19:35 5:03 0:00
Wes O'Neill 0 0 0 1 0 0 2 0 0 1 0/0 17:11 3:27 1:49
3 Stars
1 - Andrew Ebbett (Mon)
2 - Ladislav Nagy (Mon)
3 - Greg Stewart (Mon)
Power Play
Predators - 1 on 4 Attempt(s) - 25.00%
Canadiens - 1 on 5 Attempt(s) - 20.00%
Penalty Kill
Predators - 4 on 5 Attempt(s) - 80.00%
- Score 1 goal in Penalty Kill
Canadiens - 3 on 4 Attempt(s) - 75.00%
- Score 0 goal in Penalty Kill
Team Stat
Predators - Hits : 16 - Faceoff Wins : 35 - Blocked Shots : 14 - Penalty Minutes : 15
Canadiens - Hits : 21 - Faceoff Wins : 30 - Blocked Shots : 8 - Penalty Minutes : 16
Official
Referees : Lee Chris and Fraser Kerry
Linesman : Brian Murphy and Vaughan Rody
Game Notes
Chad Johnson enters game at 0:50 of 3rd period
Sidney Crosby beats up Dmitri Kalinin at 10:44 of 3rd period
Finance
Level 1 -- Attendance: 6000 (100.00%) -- Ticket Income $528,000
Level 2 -- Attendance: 4977 (99.54%) -- Ticket Income $273,735
Level 3 -- Attendance: 1924 (96.20%) -- Ticket Income $69,264
Level 4 -- Attendance: 4000 (100.00%) -- Ticket Income $108,000
Luxury Box -- Attendance: 976 (97.60%) -- Ticket Income $151,280
Game was played at the Centre Bell.
Total Attendance: 17877 (99.32%)
Total Ticket Income: $1,130,279
Other Income: $169,542
Total Income: $1,299,821
Predators
5 vs 5 Forward
Center Left Wing Right Wing Time % Phy DF OF
1 Ryan Kesler Alexander Ovechkin Niclas Bergfors 40 1 2 2
2 Mikael Granlund Alexander Steen Byron Bitz 30 1 2 2
3 Andy Miele Justin Abdelkader Adam Burish 20 1 2 2
4 Kris Vernarsky James Van Riemsdyk Andrej Meszaros 10 1 2 2
5 vs 5 Defense
Defense Defense Time % Phy DF OF
1 Ryan Mcdonagh Alexander Edler 40 1 2 2
2 Dmitri Kalinin John Moore 30 1 2 2
3 Brett Clark Barret Jackman 20 1 2 2
4 Ryan Mcdonagh Alexander Edler 10 1 2 2
PowerPlay Forward
Center Left Wing Right Wing Time % Phy DF OF
1 Ryan Kesler Alexander Ovechkin Niclas Bergfors 60 1 0 4
2 Mikael Granlund James Van Riemsdyk Byron Bitz 40 1 0 4
PowerPlay Defense
Defense Defense Time % Phy DF OF
1 Alexander Edler Ryan Mcdonagh 60 1 1 3
2 Dmitri Kalinin John Moore 40 1 1 3
Penalty Kill 4 Players Forward
Center Wing Time % Phy DF OF
1 Ryan Kesler Byron Bitz 60 1 2 2
2 Andy Miele Adam Burish 40 1 2 2
Penalty Kill 4 Players Defense
Defense Defense Time % Phy DF OF
1 Ryan Mcdonagh Alexander Edler 60 1 3 1
2 John Moore Brett Clark 40 1 3 1
Penalty Kill - 3 Players Forward
Forward Time % Phy DF OF
1 Byron Bitz 60 1 2 2
2 Adam Burish 40 1 2 2
Penalty Kill - 3 Players Defense
Defense Defense Time % Phy DF OF
1 Ryan Mcdonagh Alexander Edler 60 1 3 1
2 John Moore Brett Clark 40 1 3 1
4 vs 4 Forward
Center Wing Time % Phy DF OF
1 Ryan Kesler Byron Bitz 60 1 2 2
2 Alexander Ovechkin Niclas Bergfors 40 1 2 2
4 vs 4 Defense
Defense Defense Time % Phy DF OF
1 Ryan Mcdonagh Alexander Edler 60 1 2 2
2 John Moore Dmitri Kalinin 40 1 2 2
Last Minutes Offensive
Center Left Wing Right Wing Defense Defense
Ryan Kesler Alexander Ovechkin Niclas Bergfors Ryan Mcdonagh Alexander Edler
Last Minutes Defensive
Center Left Wing Right Wing Defense Defense
Ryan Kesler Adam Burish Byron Bitz Ryan Mcdonagh John Moore
Goaltenders
Starting : Viktor Fasth
Backup : Chad Johnson
Extra Forwards
Normal : James Van Riemsdyk, Justin Abdelkader, Adam Burish - PP : James Van Riemsdyk, Justin Abdelkader - PK : Adam Burish
Extra Defensemen
Normal : Dmitri Kalinin, Barret Jackman, Alexander Edler - PP : Dmitri Kalinin - PK : Barret Jackman, Ryan Mcdonagh
Penalty Shots
Alexander Ovechkin, Ryan Kesler, Niclas Bergfors, Byron Bitz, Alexander Steen
Scratches
None
Canadiens
5 vs 5 Forward
Center Left Wing Right Wing Time % Phy DF OF
1 Sidney Crosby Greg Stewart Joe Pavelski 40 1 2 2
2 Jason Spezza Patrick Sharp Evgeny Dadonov 30 1 2 2
3 Dustin Boyd Brett Maclean David Jones 20 1 2 2
4 Andrew Ebbett Ladislav Nagy Jiri Tlusty 10 1 2 2
5 vs 5 Defense
Defense Defense Time % Phy DF OF
1 Luke Schenn Dennis Wideman 40 1 2 2
2 Vitaly Vishnevsky Adam Pardy 30 1 2 2
3 Wes O'Neill Maxim Kondratiev 20 1 2 2
4 Luke Schenn Dennis Wideman 10 1 2 2
PowerPlay Forward
Center Left Wing Right Wing Time % Phy DF OF
1 Sidney Crosby Patrick Sharp Joe Pavelski 60 1 2 2
2 Jason Spezza Greg Stewart Jiri Tlusty 40 1 2 2
PowerPlay Defense
Defense Defense Time % Phy DF OF
1 Dennis Wideman Vitaly Vishnevsky 60 1 2 2
2 Wes O'Neill Luke Schenn 40 1 2 2
Penalty Kill 4 Players Forward
Center Wing Time % Phy DF OF
1 Jason Spezza David Jones 60 1 2 2
2 Andrew Ebbett Greg Stewart 40 1 2 2
Penalty Kill 4 Players Defense
Defense Defense Time % Phy DF OF
1 Adam Pardy Maxim Kondratiev 60 1 2 2
2 Wes O'Neill Luke Schenn 40 1 2 2
Penalty Kill - 3 Players Forward
Forward Time % Phy DF OF
1 Jason Spezza 60 1 2 2
2 Andrew Ebbett 40 1 2 2
Penalty Kill - 3 Players Defense
Defense Defense Time % Phy DF OF
1 Adam Pardy Maxim Kondratiev 60 1 2 2
2 Wes O'Neill Luke Schenn 40 1 2 2
4 vs 4 Forward
Center Wing Time % Phy DF OF
1 Sidney Crosby Patrick Sharp 60 1 2 2
2 Jason Spezza Greg Stewart 40 1 2 2
4 vs 4 Defense
Defense Defense Time % Phy DF OF
1 Vitaly Vishnevsky Luke Schenn 60 1 2 2
2 Wes O'Neill Maxim Kondratiev 40 1 2 2
Last Minutes Offensive
Center Left Wing Right Wing Defense Defense
Sidney Crosby Patrick Sharp Joe Pavelski Dennis Wideman Luke Schenn
Last Minutes Defensive
Center Left Wing Right Wing Defense Defense
Jason Spezza Patrick Sharp Joe Pavelski Maxim Kondratiev Luke Schenn
Goaltenders
Starting : Jonathan Bernier
Backup : Mikael Tellqvist
Extra Forwards
Normal : Dustin Boyd, Andrew Ebbett, Evgeny Dadonov - PP : Evgeny Dadonov, Brett Maclean - PK : Sidney Crosby
Extra Defensemen
Normal : Maxim Kondratiev, Vitaly Vishnevsky, Wes O'Neill - PP : Luke Schenn - PK : Dennis Wideman, Vitaly Vishnevsky
Penalty Shots
Sidney Crosby, Joe Pavelski, Patrick Sharp, Dustin Boyd, Andrew Ebbett
Scratches
None
% Time on Ice - Predators
Lines # - Real PCT - Wanted PCT - Time Play
Normal Forward
1 - 37% - 40% - 17:11
2 - 28% - 30% - 13:08
3 - 22% - 20% - 10:09
4 - 14% - 10% - 6:31
Normal Defense
1 - 41% - 40% - 19:20
2 - 34% - 30% - 16:10
3 - 21% - 20% - 10:02
4 - 3% - 10% - 1:27
PP Forward
1 - 57% - 60% - 2:35
2 - 43% - 40% - 1:56
PP Defense
1 - 59% - 60% - 2:40
2 - 41% - 40% - 1:51
PK Forward
1 - 70% - 60% - 5:55
2 - 30% - 40% - 2:35
PK Defense
1 - 62% - 60% - 5:18
2 - 38% - 40% - 3:12
PK3 Forward
1 - 0% - 60%
2 - 0% - 40%
PK3 Defense
1 - 0% - 60%
2 - 0% - 40%
44 Forward
1 - 0% - 60%
2 - 0% - 40%
44 Defense
1 - 0% - 60%
2 - 0% - 40%
Last Minute Offensive - 0:00
Last Minute Defensive - 0:00
Total
Forward - 60:00
Defense - 60:00
|
% Time on Ice - Canadiens
Lines # - Real PCT - Wanted PCT - Time Play
Normal Forward
1 - 36% - 40% - 16:56
2 - 29% - 30% - 13:29
3 - 20% - 20% - 9:25
4 - 15% - 10% - 7:09
Normal Defense
1 - 41% - 40% - 19:12
2 - 33% - 30% - 15:43
3 - 21% - 20% - 9:58
4 - 4% - 10% - 2:06
PP Forward
1 - 57% - 60% - 4:51
2 - 43% - 40% - 3:39
PP Defense
1 - 59% - 60% - 5:03
2 - 41% - 40% - 3:27
PK Forward
1 - 99% - 60% - 4:29
2 - 1% - 40% - 0:02
PK Defense
1 - 60% - 60% - 2:42
2 - 40% - 40% - 1:49
PK3 Forward
1 - 0% - 60%
2 - 0% - 40%
PK3 Defense
1 - 0% - 60%
2 - 0% - 40%
44 Forward
1 - 0% - 60%
2 - 0% - 40%
44 Defense
1 - 0% - 60%
2 - 0% - 40%
Last Minute Offensive - 0:00
Last Minute Defensive - 0:00
Total
Forward - 60:00
Defense - 60:00
|
Play by Play
1st period
0:01 of 1st period - Ryan Kesler wins face-off versus Sidney Crosby in neutral zone.
1:02 of 1st period - Minor Penalty to John Moore for Holding.
1:03 of 1st period - Ryan Kesler wins face-off versus Sidney Crosby in Predators zone.
1:11 of 1st period - Ryan Mcdonagh is hit by Patrick Sharp and loses puck.
1:38 of 1st period - Ryan Mcdonagh is hit by Greg Stewart and loses puck.
3:02 of 1st period - Penalty to John Moore is over, John Moore is back on ice.
3:35 of 1st period - Wrist shot by Mikael Granlund.
3:35 of 1st period - Stopped by Jonathan Bernier with a rebound.
3:51 of 1st period - Slapshot by John Moore.
3:51 of 1st period - Stopped by Jonathan Bernier without a rebound.
3:52 of 1st period - Andy Miele wins face-off versus Dustin Boyd in Canadiens zone.
4:01 of 1st period - Wrist shot by Adam Burish.
4:01 of 1st period - Stopped by Jonathan Bernier with a rebound.
4:07 of 1st period - Slapshot by Vitaly Vishnevsky.
4:07 of 1st period - Stopped by Viktor Fasth without a rebound.
4:08 of 1st period - Dustin Boyd wins face-off versus Kris Vernarsky in Predators zone.
4:37 of 1st period - Snap shot by Andy Miele.
4:37 of 1st period - Shot Misses the Net.
5:01 of 1st period - Icing by Alexander Steen.
5:02 of 1st period - Ryan Kesler wins face-off versus Jason Spezza in Predators zone.
5:11 of 1st period - Wrist shot by Alexander Ovechkin.
5:11 of 1st period - Shot Misses the Net.
5:29 of 1st period - Ryan Mcdonagh is hit by Joe Pavelski and loses puck.
5:58 of 1st period - Backhand shot by James Van Riemsdyk.
5:58 of 1st period - Shot Misses the Net.
6:49 of 1st period - Luke Schenn is hit by Alexander Steen and loses puck.
7:15 of 1st period - Slapshot by Dennis Wideman.
7:15 of 1st period - Shot Blocked by Alexander Edler.
7:17 of 1st period - Wrist shot by Luke Schenn.
7:17 of 1st period - Shot Blocked by Alexander Ovechkin.
7:19 of 1st period - Slapshot by Luke Schenn.
7:19 of 1st period - Deflect By Jiri Tlusty.
7:19 of 1st period - Stopped by Viktor Fasth with a rebound.
8:25 of 1st period - Wrist shot by Joe Pavelski.
8:25 of 1st period - Stopped by Viktor Fasth with a rebound.
8:27 of 1st period - Snap shot by Joe Pavelski.
8:27 of 1st period - Goal by Joe Pavelski - Predators : 0 - Canadiens : 1.
8:28 of 1st period - Ryan Kesler wins face-off versus Sidney Crosby in neutral zone.
8:43 of 1st period - Snap shot by Joe Pavelski.
8:43 of 1st period - Shot Blocked by Ryan Mcdonagh.
8:45 of 1st period - Wrist shot by Joe Pavelski.
8:45 of 1st period - Stopped by Viktor Fasth without a rebound.
8:46 of 1st period - Jason Spezza wins face-off versus Mikael Granlund in Predators zone.
8:57 of 1st period - Slapshot by Jason Spezza.
8:57 of 1st period - Stopped by Viktor Fasth without a rebound.
8:58 of 1st period - Sidney Crosby wins face-off versus Ryan Kesler in Predators zone.
9:02 of 1st period - Minor Penalty to Alexander Edler for High sticking.
9:03 of 1st period - Ryan Kesler wins face-off versus Sidney Crosby in Predators zone.
10:17 of 1st period - Brett Clark is hit by Jiri Tlusty and loses puck.
11:02 of 1st period - Penalty to Alexander Edler is over, Alexander Edler is back on ice.
11:18 of 1st period - Minor Penalty to Ryan Mcdonagh for Holding.
11:19 of 1st period - Sidney Crosby wins face-off versus Ryan Kesler in Predators zone.
11:26 of 1st period - Wrist shot by Sidney Crosby.
11:26 of 1st period - Shot Misses the Net.
11:28 of 1st period - Wrist shot by Sidney Crosby.
11:28 of 1st period - Shot Misses the Net.
11:42 of 1st period - Snap shot by Adam Burish.
11:42 of 1st period - Goal by Adam Burish - Predators : 1 - Canadiens : 1.
11:43 of 1st period - Joe Pavelski wins face-off versus Ryan Kesler in neutral zone.
11:56 of 1st period - Snap shot by Sidney Crosby.
11:56 of 1st period - Shot Blocked by Byron Bitz.
11:58 of 1st period - Slapshot by Patrick Sharp.
11:58 of 1st period - Deflect By Joe Pavelski.
11:58 of 1st period - Shot Misses the Net.
11:58 of 1st period - Puck is out of play.
11:59 of 1st period - Sidney Crosby wins face-off versus Ryan Kesler in Predators zone.
12:00 of 1st period - Backhand shot by Joe Pavelski.
12:00 of 1st period - Stopped by Viktor Fasth without a rebound.
12:01 of 1st period - Sidney Crosby wins face-off versus Ryan Kesler in Predators zone.
12:08 of 1st period - Snap shot by Joe Pavelski.
12:08 of 1st period - Shot Misses the Net.
12:10 of 1st period - Snap shot by Joe Pavelski.
12:10 of 1st period - Stopped by Viktor Fasth with a rebound.
12:12 of 1st period - Wrist shot by Patrick Sharp.
12:12 of 1st period - Stopped by Viktor Fasth without a rebound.
12:13 of 1st period - Sidney Crosby wins face-off versus Ryan Kesler in Predators zone.
12:26 of 1st period - Backhand shot by Sidney Crosby.
12:26 of 1st period - Shot Misses the Net.
12:28 of 1st period - Snap shot by Vitaly Vishnevsky.
12:28 of 1st period - Shot Blocked by Barret Jackman.
12:30 of 1st period - Snap shot by Patrick Sharp.
12:30 of 1st period - Shot Blocked by Alexander Edler.
13:03 of 1st period - Off-side.
13:04 of 1st period - Patrick Sharp wins face-off versus Andy Miele in neutral zone.
13:18 of 1st period - Penalty to Ryan Mcdonagh is over, Ryan Mcdonagh is back on ice.
13:32 of 1st period - Snap shot by Ryan Kesler.
13:32 of 1st period - Stopped by Jonathan Bernier without a rebound.
13:33 of 1st period - Dustin Boyd wins face-off versus Andy Miele in Canadiens zone.
13:58 of 1st period - John Moore is hit by Luke Schenn and loses puck.
15:03 of 1st period - Wrist shot by Adam Burish.
15:03 of 1st period - Stopped by Jonathan Bernier with a rebound.
15:06 of 1st period - Icing by Luke Schenn.
15:07 of 1st period - Andy Miele wins face-off versus Jason Spezza in Canadiens zone.
15:12 of 1st period - Wrist shot by Andy Miele.
15:12 of 1st period - Shot Blocked by Luke Schenn.
15:32 of 1st period - Dennis Wideman is hit by Andy Miele and loses puck.
15:39 of 1st period - Wrist shot by Adam Burish.
15:39 of 1st period - Shot Misses the Net.
15:41 of 1st period - Slapshot by Barret Jackman.
15:41 of 1st period - Stopped by Jonathan Bernier without a rebound.
15:42 of 1st period - Sidney Crosby wins face-off versus Ryan Kesler in Canadiens zone.
16:09 of 1st period - Slapshot by Ryan Kesler.
16:09 of 1st period - Deflect By Byron Bitz.
16:09 of 1st period - Shot Misses the Net.
16:09 of 1st period - Puck is out of play.
16:10 of 1st period - Dustin Boyd wins face-off versus Alexander Steen in Canadiens zone.
16:19 of 1st period - Slapshot by Luke Schenn.
16:19 of 1st period - Stopped by Viktor Fasth with a rebound.
17:38 of 1st period - Slapshot by Niclas Bergfors.
17:38 of 1st period - Shot Misses the Net.
17:44 of 1st period - Slapshot by Dustin Boyd.
17:44 of 1st period - Deflect By Brett Maclean.
17:44 of 1st period - Stopped by Viktor Fasth without a rebound.
17:45 of 1st period - Mikael Granlund wins face-off versus Sidney Crosby in Predators zone.
17:56 of 1st period - Slapshot by Ryan Mcdonagh.
17:56 of 1st period - Shot Misses the Net.
17:58 of 1st period - Slapshot by Alexander Edler.
17:58 of 1st period - Shot Blocked by Dennis Wideman.
18:12 of 1st period - Andy Miele is hit by Jason Spezza and loses puck.
18:31 of 1st period - Snap shot by Luke Schenn.
18:31 of 1st period - Shot Misses the Net.
18:33 of 1st period - Snap shot by Dennis Wideman.
18:33 of 1st period - Stopped by Viktor Fasth without a rebound.
18:34 of 1st period - Mikael Granlund wins face-off versus Dustin Boyd in Predators zone.
18:38 of 1st period - Alexander Edler is hit by Vitaly Vishnevsky and loses puck.
18:42 of 1st period - Off-side.
18:43 of 1st period - Sidney Crosby wins face-off versus Mikael Granlund in neutral zone.
18:50 of 1st period - Wrist shot by Vitaly Vishnevsky.
18:50 of 1st period - Shot Misses the Net.
19:13 of 1st period - Snap shot by Alexander Steen.
19:13 of 1st period - Shot Misses the Net.
Goals for this period are 1 for Predators vs 1 for Canadiens.
Shots for this period are 7 for Predators vs 12 for Canadiens.
2nd period
0:01 of 2nd period - Ryan Kesler wins face-off versus Sidney Crosby in neutral zone.
0:09 of 2nd period - Snap shot by Alexander Ovechkin.
0:09 of 2nd period - Shot Misses the Net.
0:12 of 2nd period - Icing by Joe Pavelski.
0:13 of 2nd period - Ryan Kesler wins face-off versus Sidney Crosby in Canadiens zone.
0:24 of 2nd period - Slapshot by Ryan Kesler.
0:24 of 2nd period - Stopped by Jonathan Bernier with a rebound.
0:33 of 2nd period - Backhand shot by Dennis Wideman.
0:33 of 2nd period - Shot Blocked by Ryan Mcdonagh.
0:39 of 2nd period - Snap shot by Joe Pavelski.
0:39 of 2nd period - Stopped by Viktor Fasth without a rebound.
0:40 of 2nd period - Mikael Granlund wins face-off versus Jason Spezza in Predators zone.
1:05 of 2nd period - Mikael Granlund is hit by Adam Pardy and loses puck.
1:32 of 2nd period - Alexander Steen is hit by Greg Stewart and loses puck.
1:51 of 2nd period - Dustin Boyd is hit by Ryan Kesler and loses puck.
1:58 of 2nd period - Dmitri Kalinin is hit by Maxim Kondratiev.
2:32 of 2nd period - Backhand shot by Alexander Ovechkin.
2:32 of 2nd period - Shot Misses the Net.
3:07 of 2nd period - Off-side.
3:08 of 2nd period - Andy Miele wins face-off versus Sidney Crosby in neutral zone.
4:16 of 2nd period - Vitaly Vishnevsky is hit by Adam Burish and loses puck.
4:23 of 2nd period - Snap shot by Patrick Sharp.
4:23 of 2nd period - Shot Misses the Net.
4:42 of 2nd period - Alexander Edler is hit by Dennis Wideman and loses puck.
4:49 of 2nd period - Wrist shot by Dustin Boyd.
4:49 of 2nd period - Goal by Dustin Boyd - Predators : 1 - Canadiens : 2.
4:50 of 2nd period - Sidney Crosby wins face-off versus Ryan Kesler in neutral zone.
4:59 of 2nd period - Sidney Crosby is hit by Niclas Bergfors and loses puck.
5:42 of 2nd period - Slapshot by Dustin Boyd.
5:42 of 2nd period - Shot Misses the Net.
5:44 of 2nd period - Wrist shot by David Jones.
5:44 of 2nd period - Shot Misses the Net.
6:53 of 2nd period - Alexander Steen is hit by Vitaly Vishnevsky and loses puck.
7:12 of 2nd period - Snap shot by Adam Burish.
7:12 of 2nd period - Stopped by Jonathan Bernier with a rebound.
7:24 of 2nd period - Snap shot by Andy Miele.
7:24 of 2nd period - Stopped by Jonathan Bernier without a rebound.
7:25 of 2nd period - Sidney Crosby wins face-off versus Andrej Meszaros in Canadiens zone.
7:34 of 2nd period - Snap shot by Greg Stewart.
7:34 of 2nd period - Shot Blocked by Andrej Meszaros.
8:07 of 2nd period - Double Minor Penalty to Jason Spezza for Slashing.
8:08 of 2nd period - Ryan Kesler wins face-off versus Sidney Crosby in Canadiens zone.
8:11 of 2nd period - Snap shot by Alexander Ovechkin.
8:11 of 2nd period - Shot Blocked by David Jones.
8:21 of 2nd period - Snap shot by Ryan Mcdonagh.
8:21 of 2nd period - Shot Misses the Net.
8:59 of 2nd period - Alexander Ovechkin is hit by Wes O'Neill and loses puck.
9:29 of 2nd period - Icing by Alexander Ovechkin.
9:30 of 2nd period - Ryan Kesler wins face-off versus Andrew Ebbett in Predators zone.
9:30 of 2nd period - Ryan Kesler is hit by Andrew Ebbett.
10:58 of 2nd period - Byron Bitz is hit by Wes O'Neill and loses puck.
11:53 of 2nd period - Maxim Kondratiev is hit by Justin Abdelkader and loses puck.
12:07 of 2nd period - Penalty to Jason Spezza is over, Jason Spezza is back on ice.
12:15 of 2nd period - Off-side.
12:16 of 2nd period - Jason Spezza wins face-off versus Kris Vernarsky in neutral zone.
12:19 of 2nd period - Adam Burish is hit by Evgeny Dadonov and loses puck.
13:51 of 2nd period - Alexander Ovechkin is hit by Adam Pardy and loses puck.
14:29 of 2nd period - Icing by Mikael Granlund.
14:30 of 2nd period - Mikael Granlund wins face-off versus Jason Spezza in Predators zone.
14:39 of 2nd period - Wrist shot by Alexander Steen.
14:39 of 2nd period - Deflect By Mikael Granlund.
14:39 of 2nd period - Shot Blocked by Maxim Kondratiev.
14:39 of 2nd period - Puck is out of play.
14:40 of 2nd period - Ryan Kesler wins face-off versus Sidney Crosby in Canadiens zone.
14:41 of 2nd period - Snap shot by Niclas Bergfors.
14:41 of 2nd period - Shot Misses the Net.
14:56 of 2nd period - Minor Penalty to Alexander Edler for Hooking.
14:57 of 2nd period - Ryan Kesler wins face-off versus Sidney Crosby in Predators zone.
15:13 of 2nd period - Snap shot by Sidney Crosby.
15:13 of 2nd period - Stopped by Viktor Fasth without a rebound.
15:14 of 2nd period - Ryan Kesler wins face-off versus Jiri Tlusty in Predators zone.
15:23 of 2nd period - Vitaly Vishnevsky is hit by Byron Bitz and loses puck.
15:30 of 2nd period - Slapshot by Dennis Wideman.
15:30 of 2nd period - Goal by Dennis Wideman - Predators : 1 - Canadiens : 3.
15:31 of 2nd period - Ryan Kesler wins face-off versus Greg Stewart in neutral zone.
15:33 of 2nd period - Off-side.
15:34 of 2nd period - Greg Stewart wins face-off versus Ryan Kesler in neutral zone.
15:37 of 2nd period - Slapshot by Luke Schenn.
15:37 of 2nd period - Stopped by Viktor Fasth with a rebound.
15:39 of 2nd period - Wrist shot by Greg Stewart.
15:39 of 2nd period - Shot Blocked by Alexander Ovechkin.
15:45 of 2nd period - Wrist shot by Greg Stewart.
15:45 of 2nd period - Shot Misses the Net.
15:47 of 2nd period - Slapshot by Luke Schenn.
15:47 of 2nd period - Stopped by Viktor Fasth with a rebound.
16:26 of 2nd period - Wrist shot by Justin Abdelkader.
16:26 of 2nd period - Stopped by Jonathan Bernier without a rebound.
16:27 of 2nd period - Andy Miele wins face-off versus Sidney Crosby in Canadiens zone.
16:28 of 2nd period - Wrist shot by Adam Burish.
16:28 of 2nd period - Shot Misses the Net.
17:04 of 2nd period - Wrist shot by Niclas Bergfors.
17:04 of 2nd period - Stopped by Jonathan Bernier with a rebound.
17:08 of 2nd period - Wrist shot by Niclas Bergfors.
17:08 of 2nd period - Stopped by Jonathan Bernier with a rebound.
17:58 of 2nd period - Wrist shot by Sidney Crosby.
17:58 of 2nd period - Shot Misses the Net.
18:45 of 2nd period - Slapshot by Alexander Steen.
18:45 of 2nd period - Shot Misses the Net.
18:47 of 2nd period - Slapshot by Mikael Granlund.
18:47 of 2nd period - Deflect By Byron Bitz.
18:47 of 2nd period - Stopped by Jonathan Bernier without a rebound.
18:48 of 2nd period - Mikael Granlund wins face-off versus Andrew Ebbett in Canadiens zone.
19:13 of 2nd period - Slapshot by Justin Abdelkader.
19:13 of 2nd period - Stopped by Jonathan Bernier without a rebound.
19:14 of 2nd period - Andy Miele wins face-off versus Sidney Crosby in Canadiens zone.
19:17 of 2nd period - Snap shot by Andy Miele.
19:17 of 2nd period - Stopped by Jonathan Bernier without a rebound.
19:18 of 2nd period - Sidney Crosby wins face-off versus Adam Burish in Canadiens zone.
Goals for this period are 0 for Predators vs 2 for Canadiens.
Shots for this period are 9 for Predators vs 6 for Canadiens.
3rd period
0:01 of 3rd period - Ryan Kesler wins face-off versus Sidney Crosby in neutral zone.
0:06 of 3rd period - Dennis Wideman is hit by Niclas Bergfors and loses puck.
0:15 of 3rd period - Slapshot by Dennis Wideman.
0:15 of 3rd period - Shot Misses the Net.
0:17 of 3rd period - Slapshot by Luke Schenn.
0:17 of 3rd period - Shot Blocked by Ryan Kesler.
0:27 of 3rd period - Luke Schenn is hit by Alexander Steen and loses puck.
0:50 of 3rd period - Snap shot by Ladislav Nagy.
0:50 of 3rd period - Goal by Ladislav Nagy - Predators : 1 - Canadiens : 4.
0:50 of 3rd period - Chad Johnson enters game.
0:51 of 3rd period - Ryan Kesler wins face-off versus Greg Stewart in neutral zone.
1:01 of 3rd period - Icing by Sidney Crosby.
1:02 of 3rd period - Sidney Crosby wins face-off versus Ryan Kesler in Canadiens zone.
1:58 of 3rd period - Slapshot by Brett Maclean.
1:58 of 3rd period - Stopped by Chad Johnson without a rebound.
1:59 of 3rd period - Joe Pavelski wins face-off versus Alexander Ovechkin in Predators zone.
2:12 of 3rd period - Snap shot by Alexander Edler.
2:12 of 3rd period - Shot Misses the Net.
2:26 of 3rd period - Patrick Sharp is hit by Mikael Granlund and loses puck.
2:51 of 3rd period - Snap shot by Ladislav Nagy.
2:51 of 3rd period - Shot Misses the Net.
2:53 of 3rd period - Wrist shot by Andrew Ebbett.
2:53 of 3rd period - Stopped by Chad Johnson with a rebound.
2:55 of 3rd period - Backhand shot by Luke Schenn.
2:55 of 3rd period - Deflect By Andrew Ebbett.
2:55 of 3rd period - Goal by Andrew Ebbett - Predators : 1 - Canadiens : 5.
2:56 of 3rd period - Sidney Crosby wins face-off versus Ryan Kesler in neutral zone.
3:11 of 3rd period - Wrist shot by Niclas Bergfors.
3:11 of 3rd period - Shot Misses the Net.
3:23 of 3rd period - Alexander Steen is hit by Evgeny Dadonov and loses puck.
3:44 of 3rd period - Dustin Boyd is hit by John Moore and loses puck.
4:10 of 3rd period - Snap shot by Ryan Kesler.
4:10 of 3rd period - Shot Misses the Net.
4:34 of 3rd period - Slapshot by Alexander Steen.
4:34 of 3rd period - Stopped by Jonathan Bernier without a rebound.
4:35 of 3rd period - Sidney Crosby wins face-off versus Mikael Granlund in Canadiens zone.
4:40 of 3rd period - Slapshot by Luke Schenn.
4:40 of 3rd period - Stopped by Chad Johnson with a rebound.
4:42 of 3rd period - Slapshot by Luke Schenn.
4:42 of 3rd period - Stopped by Chad Johnson with a rebound.
4:44 of 3rd period - Wrist shot by Dennis Wideman.
4:44 of 3rd period - Shot Blocked by Mikael Granlund.
4:46 of 3rd period - Snap shot by Dennis Wideman.
4:46 of 3rd period - Shot Misses the Net.
4:48 of 3rd period - Slapshot by Greg Stewart.
4:48 of 3rd period - Shot Blocked by Mikael Granlund.
4:53 of 3rd period - Minor Penalty to Alexander Steen for Slashing.
4:54 of 3rd period - Sidney Crosby wins face-off versus Ryan Kesler in Predators zone.
5:28 of 3rd period - Slapshot by Adam Burish.
5:28 of 3rd period - Stopped by Jonathan Bernier with a rebound.
5:32 of 3rd period - Slapshot by Alexander Edler.
5:32 of 3rd period - Stopped by Jonathan Bernier with a rebound.
5:34 of 3rd period - Slapshot by Alexander Edler.
5:34 of 3rd period - Shot Hit the Post.
5:36 of 3rd period - Backhand shot by Andy Miele.
5:36 of 3rd period - Stopped by Jonathan Bernier with a rebound.
6:18 of 3rd period - Alexander Edler is hit by Luke Schenn and loses puck.
6:53 of 3rd period - Penalty to Alexander Steen is over, Alexander Steen is back on ice.
7:22 of 3rd period - Vitaly Vishnevsky is hit by Alexander Ovechkin and loses puck.
7:41 of 3rd period - Vitaly Vishnevsky is hit by John Moore and loses puck.
8:05 of 3rd period - Patrick Sharp is hit by Brett Clark and loses puck.
8:34 of 3rd period - Slapshot by Justin Abdelkader.
8:34 of 3rd period - Stopped by Jonathan Bernier with a rebound.
8:38 of 3rd period - Backhand shot by Andy Miele.
8:38 of 3rd period - Stopped by Jonathan Bernier with a rebound.
9:09 of 3rd period - Wrist shot by Kris Vernarsky.
9:09 of 3rd period - Deflect By Andrej Meszaros.
9:09 of 3rd period - Shot Misses the Net.
9:09 of 3rd period - Puck is out of play.
9:10 of 3rd period - Kris Vernarsky wins face-off versus Jason Spezza in Canadiens zone.
9:35 of 3rd period - James Van Riemsdyk is hit by Sidney Crosby and loses puck.
9:40 of 3rd period - Snap shot by Greg Stewart.
9:40 of 3rd period - Goal by Greg Stewart - Predators : 1 - Canadiens : 6.
9:41 of 3rd period - Sidney Crosby wins face-off versus Ryan Kesler in neutral zone.
10:37 of 3rd period - Snap shot by Ladislav Nagy.
10:37 of 3rd period - Stopped by Chad Johnson without a rebound.
10:38 of 3rd period - Sidney Crosby wins face-off versus Ryan Kesler in Predators zone.
10:39 of 3rd period - Snap shot by Greg Stewart.
10:39 of 3rd period - Shot Misses the Net.
10:44 of 3rd period - Sidney Crosby beats up Dmitri Kalinin.
10:44 of 3rd period - Penalty to Sidney Crosby for Fighting.
10:44 of 3rd period - Penalty to Dmitri Kalinin for Fighting.
10:45 of 3rd period - Ryan Kesler wins face-off versus Dustin Boyd in Canadiens zone.
10:48 of 3rd period - Snap shot by Niclas Bergfors.
10:48 of 3rd period - Stopped by Jonathan Bernier with a rebound.
10:50 of 3rd period - Slapshot by Niclas Bergfors.
10:50 of 3rd period - Stopped by Jonathan Bernier without a rebound.
10:51 of 3rd period - Joe Pavelski wins face-off versus Niclas Bergfors in Canadiens zone.
10:55 of 3rd period - Off-side.
10:56 of 3rd period - Ryan Kesler wins face-off versus Dustin Boyd in neutral zone.
11:34 of 3rd period - Snap shot by Byron Bitz.
11:34 of 3rd period - Deflect By Jason Spezza.
11:34 of 3rd period - Shot Blocked by Evgeny Dadonov.
11:34 of 3rd period - Puck is out of play.
11:35 of 3rd period - Andy Miele wins face-off versus Dustin Boyd in Canadiens zone.
11:36 of 3rd period - Snap shot by Justin Abdelkader.
11:36 of 3rd period - Stopped by Jonathan Bernier with a rebound.
11:42 of 3rd period - Snap shot by Joe Pavelski.
11:42 of 3rd period - Shot Misses the Net.
11:49 of 3rd period - Icing by Barret Jackman.
11:50 of 3rd period - Andy Miele wins face-off versus Jason Spezza in Predators zone.
11:57 of 3rd period - Backhand shot by John Moore.
11:57 of 3rd period - Stopped by Jonathan Bernier without a rebound.
11:58 of 3rd period - Ryan Kesler wins face-off versus Jason Spezza in Canadiens zone.
12:01 of 3rd period - Slapshot by Niclas Bergfors.
12:01 of 3rd period - Shot Hit the Post.
13:05 of 3rd period - Slapshot by Alexander Edler.
13:05 of 3rd period - Shot Blocked by Adam Pardy.
13:13 of 3rd period - Slapshot by Alexander Steen.
13:13 of 3rd period - Stopped by Jonathan Bernier without a rebound.
13:14 of 3rd period - Mikael Granlund wins face-off versus Dustin Boyd in Canadiens zone.
13:40 of 3rd period - Icing by John Moore.
13:41 of 3rd period - Mikael Granlund wins face-off versus Jason Spezza in Predators zone.
13:52 of 3rd period - Wrist shot by Adam Burish.
13:52 of 3rd period - Stopped by Jonathan Bernier with a rebound.
13:54 of 3rd period - Slapshot by John Moore.
13:54 of 3rd period - Stopped by Jonathan Bernier without a rebound.
13:55 of 3rd period - Joe Pavelski wins face-off versus Ryan Kesler in Canadiens zone.
15:27 of 3rd period - Slapshot by Alexander Ovechkin.
15:27 of 3rd period - Stopped by Jonathan Bernier without a rebound.
15:28 of 3rd period - Mikael Granlund wins face-off versus Jason Spezza in Canadiens zone.
15:33 of 3rd period - Slapshot by Mikael Granlund.
15:33 of 3rd period - Stopped by Jonathan Bernier without a rebound.
15:34 of 3rd period - Jason Spezza wins face-off versus Mikael Granlund in Canadiens zone.
16:01 of 3rd period - John Moore is hit by Joe Pavelski and loses puck.
16:22 of 3rd period - Slapshot by Barret Jackman.
16:22 of 3rd period - Shot Misses the Net.
17:28 of 3rd period - Wrist shot by Ladislav Nagy.
17:28 of 3rd period - Stopped by Chad Johnson with a rebound.
17:30 of 3rd period - Snap shot by Adam Pardy.
17:30 of 3rd period - Shot Blocked by Alexander Ovechkin.
17:32 of 3rd period - Wrist shot by Andrew Ebbett.
17:32 of 3rd period - Shot Misses the Net.
17:34 of 3rd period - Wrist shot by Ladislav Nagy.
17:34 of 3rd period - Stopped by Chad Johnson with a rebound.
17:46 of 3rd period - Luke Schenn is hit by Andy Miele and loses puck.
17:56 of 3rd period - Minor Penalty to Dennis Wideman for Holding.
17:57 of 3rd period - Ryan Kesler wins face-off versus Jason Spezza in Canadiens zone.
17:59 of 3rd period - Slapshot by Alexander Edler.
17:59 of 3rd period - Goal by Alexander Edler - Predators : 2 - Canadiens : 6.
18:00 of 3rd period - Sidney Crosby wins face-off versus Ryan Kesler in neutral zone.
18:13 of 3rd period - Snap shot by Joe Pavelski.
18:13 of 3rd period - Shot Blocked by Alexander Ovechkin.
18:15 of 3rd period - Slapshot by Dennis Wideman.
18:15 of 3rd period - Deflect By Sidney Crosby.
18:15 of 3rd period - Stopped by Chad Johnson with a rebound.
18:17 of 3rd period - Snap shot by Greg Stewart.
18:17 of 3rd period - Shot Misses the Net.
18:27 of 3rd period - Dennis Wideman is hit by Mikael Granlund.
19:18 of 3rd period - Slapshot by James Van Riemsdyk.
19:18 of 3rd period - Shot Hit the Post.
19:20 of 3rd period - Snap shot by Kris Vernarsky.
19:20 of 3rd period - Shot Misses the Net.
19:22 of 3rd period - Slapshot by Barret Jackman.
19:22 of 3rd period - Shot Blocked by Maxim Kondratiev.
19:24 of 3rd period - Slapshot by Barret Jackman.
19:24 of 3rd period - Shot Blocked by Joe Pavelski.
19:30 of 3rd period - Major Penalty to Joe Pavelski for Kneeing.
19:31 of 3rd period - Jason Spezza wins face-off versus Ryan Kesler in Canadiens zone.
19:44 of 3rd period - Snap shot by David Jones.
19:44 of 3rd period - Stopped by Chad Johnson with a rebound.
19:46 of 3rd period - Slapshot by Adam Pardy.
19:46 of 3rd period - Stopped by Chad Johnson with a rebound.
Goals for this period are 1 for Predators vs 3 for Canadiens.
Shots for this period are 16 for Predators vs 13 for Canadiens.
Back to the Top